 Dungeon Crawl Stone Soup version 0.30-a0-739-gea05faddec (webtiles) character file.

Game seed: 10985009402695489326

60 sokol815 the Slasher (level 3, -2/30 HPs)
             Began as a Demigod Gladiator on Feb 4, 2023.
             Succumbed to a kobold's poison
             ... on level 2 of the Dungeon.
             The game lasted 00:02:00 (935 turns).

sokol815 the Slasher (Demigod Gladiator)             Turns: 935, Time: 00:02:00

Health: -2/30      AC:  4    Str: 15    XL:     3   Next: 57%
Magic:  5/5        EV: 13    Int: 10    God:
Gold:   44         SH:  0    Dex: 19    Spells: 2/2 levels left

rFire   . . .      SeeInvis .    a - +0 long sword
rCold   . . .      Faith    .    (no shield)
rNeg    . . .      Spirit   .    b - +0 leather armour
rPois   .          Reflect  .    c - +0 helmet
rElec   .          Harm     .    (no cloak)
rCorr   .          Rampage  .    (no gloves)
Will    .....                    (no boots)
Stlth   +                        (no amulet)
HPRegen 0.25/turn                (no ring)
MPRegen 0.09/turn                (no ring)

@: lethally poisoned (-2 -> -16)
A: high MP 1, forlorn, divine attributes
a: no special abilities


You were on level 2 of the Dungeon.
You visited 1 branch of the dungeon, and saw 2 of its levels.

You collected 44 gold pieces.

Inventory:

Hand Weapons
 a - a +0 long sword (weapon)
Missiles
 d - 3 throwing nets {!d}
 e - a javelin
 h - 2 poisoned darts
 i - 5 silver javelins
 s - 4 stones
Armour
 b - a +0 leather armour (worn)
 c - a +0 helmet (worn)
Scrolls
 f - a scroll of teleportation {unknown}
 g - a scroll of torment {unknown}
 j - a scroll of identify {unknown}
 k - a scroll of magic mapping {unknown}
 m - a scroll of immolation {unknown}


   Skills:
 + Level 2.4 Fighting
 * Level 3.6 Long Blades
 - Level 1.7 Throwing
 + Level 3.1 Dodging


You had 2 spell levels left.
You didn't know any spells.
Your spell library was empty.

Dungeon Overview and Level Annotations

Branches:
Dungeon (2/15) Zot: 11038


Innate Abilities, Weirdness & Mutations

You have an increased reservoir of magic. (+10% MP)
You shall have no god before yourself.
Your divine heritage dramatically boosts your attributes as you level up.


Message History

The ball python attacks as you move away!
The ball python bites you but does no damage.
The ball python completely misses you. The ball python grabs you.
The ball python constricts you.
The ball python's grasp on you weakens, but your attempt to escape fails.
The ball python barely misses you. The ball python constricts you.
You escape the ball python's grasp.
You closely miss the ball python. The ball python closely misses you.
The ball python barely misses you.
You closely miss the ball python. The ball python barely misses you.
The ball python grabs you. The ball python constricts you.
The ball python bites you. The ball python constricts you.
You take 4 damage, and have 13/30 hp.
The ball python hisses angrily.
You slash the ball python!
You kill the ball python!
The ball python barely misses you. x2
Unknown command.
Unknown command.
You slash the ball python!
You kill the ball python!
You see here a ball python corpse.
Unknown command.
You start resting.
Health restored: 30 You see here a ball python corpse.
m - a scroll labelled TISUEH HOASET A goblin comes into view.
It is wielding a +0 dagger.
A kobold comes into view.
It is wielding a +1 short sword of venom.
A ball python comes into view.
The goblin shouts!
The ball python hisses angrily.
You hear a shout!
You closely miss the goblin. The goblin hits you but does no damage.
You hit the kobold. The kobold barely misses you.
A hobgoblin comes into view.
The goblin barely misses you.
The kobold hits you with a +1 short sword of venom.
You are poisoned.
The goblin hits you but does no damage.
You take 4 damage, and have 26/30 hp.
The goblin attacks as you move away! The goblin misses you.
You feel very sick.
You take 3 damage, and have 23/30 hp.
The goblin attacks as you move away! The goblin misses you.
You feel sick.
You take 1 damage, and have 22/30 hp.
The ball python attacks as you move away!
The ball python closely misses you. The ball python barely misses you.
You feel sick.
You take 1 damage, and have 21/30 hp.
The kobold attacks as you move away! The kobold barely misses you.
The ball python attacks as you move away!
The ball python barely misses you. x2; You feel sick.
You take 1 damage, and have 20/30 hp.
It was a potion of curing.
You feel better. The ball python closely misses you.
The ball python barely misses you.
Health restored: 30 You hit the ball python.
The ball python misses you. The ball python closely misses you.
The ball python bites you but does no damage.
The ball python closely misses you.
You hit the ball python.
You kill the ball python!
You closely miss the hobgoblin. The hobgoblin misses you.
You hit the hobgoblin but do no damage. The hobgoblin hits you.
You take 3 damage, and have 27/30 hp.
You barely miss the hobgoblin. The hobgoblin misses you.
The hobgoblin hits you but does no damage.
You hit the hobgoblin. The hobgoblin barely misses you.
You hit the hobgoblin.
You kill the hobgoblin!
You closely miss the kobold.
The kobold hits you with a +1 short sword of venom.
You are poisoned.
You take 5 damage, and have 23/30 hp.
You hit the kobold but do no damage.
You feel very sick. The kobold hits you but does no damage.
You are more poisoned.
You take 3 damage, and have 20/30 hp.
You hit the kobold but do no damage.
You feel very sick. The kobold misses you. x2
You take 5 damage, and have 15/30 hp.
Unknown command.
You closely miss the kobold.
You feel very sick.
The kobold hits you with a +1 short sword of venom.
* * * LOW HITPOINT WARNING * * *
You are more poisoned.
You take 9 damage, and have 6/30 hp.
MASSIVE DAMAGE!!
You hit the kobold.
You kill the kobold!
* * * LOW HITPOINT WARNING * * *
You feel very sick.
Unknown command.
You take 4 damage, and have 2/30 hp.
You closely miss the goblin.
You die...

...... #...# ###
###...### .....#
#......<#..###.#
#.............. .
####.......##......
##.####...###...##.#
##.#.###...##.#...#.##
#.###......@g.........
##.#.#†######.#...##
##.##.# ####...##
#.##.# #.......#
#.##.# #.........#
##.#..####........#.#
#.................# .
#..#>#####..........
#.##.# #...........


You could see a goblin.

Vanquished Creatures
  An adder (D:2)
  2 dart slugs (D:1)
  6 ball pythons
  4 bats (D:1)
  8 endoplasms (D:1)
  2 giant cockroaches (D:1)
  3 goblins (D:1)
  6 hobgoblins
  3 kobolds
  2 quokkas (D:1)
  A frilled lizard (D:1)
  2 rats (D:1)
40 creatures vanquished.

Notes
Turn   | Place    | Note
-------+----------+-------------------------------------------
     0 | D:1      | sokol815 the Demigod Gladiator began the quest for the Orb.
     0 | D:1      | Reached XP level 1. HP: 17/17 MP: 3/3
    33 | D:1      | Reached skill level 2 in Fighting
    33 | D:1      | Reached skill level 3 in Long Blades
   148 | D:1      | Reached XP level 2. HP: 24/24 MP: 4/4
   283 | D:1      | Reached skill level 3 in Dodging
   442 | D:1      | Reached XP level 3. HP: 26/29 MP: 5/5
   933 | D:2      | HP: 6/30 [kobold/+1 short sword of venom (5)]
   934 | D:2      | HP: 2/30 [poisoned by a kobold]
   935 | D:2      | Succumbed to a kobold's poison

Illustrated notes

Levels and vault maps discovered:
D:1:      lemuel_arrival_room, layout_basic,
          hellmonk_ecumenical_altar_arch_garden, st_stairs_9, minmay_nonomino_d4
D:2:      layout_loops_ring

Skill      XL: |  1  2 |
---------------+-------+-----
Fighting       | 2 |  2.4
Long Blades    | 3 |  3.6
Dodging        | 3 |  3.1
Throwing       | |  1.7

Action                     || total
---------------------------++-------
  Melee: Long sword        ||   114
  Throw: Javelin           ||     1
    Use: Potion            ||     1
   Stab: Sleeping          ||     2
 Armour: Leather armour    ||    49
  Dodge: Dodged            ||   123

Table legend: (Time is in decaauts)
 A = Elapsed time spent in this place.
 B = Non-inter-level travel time spent in this place.
 C = Inter-level travel time spent in this place.
 D = Time resting spent in this place.
 E = Time spent auto-exploring this place.
 F = Levels seen in this place.
 G = Mean time per level.
                   A        B        C        D        E       F      G
               +--------+--------+--------+--------+--------+-----+--------+
         Total |    961 |    945 |     16 |     62 |    617 |   2 |  480.5 |
       Dungeon |    961 |    945 |     16 |     62 |    617 |   2 |  480.5 |
               +--------+--------+--------+--------+--------+-----+--------+

Top non-repeatable levels by time:
     D:1: 813 daAuts
     D:2: 148 daAuts

Table legend:
 A = Kills in this place as a percentage of kills in entire the game.
 B = Kills by you in this place as a percentage of kills by you in the entire game.
 C = Kills by friends in this place as a percentage of kills by friends in the entire game.
 D = Other kills in this place as a percentage of other kills in the entire game.
 E = Experience gained in this place as a percentage of experience gained in the entire game.
 F = Experience gained in this place divided by the number of levels of this place that you have seen.
                   A       B       C       D       E      F
               +-------+-------+-------+-------+-------+----------------------
         Total | 100.0 | 100.0 |   N/A |   N/A | 100.0 |  43.5
       Dungeon | 100.0 | 100.0 |   N/A |   N/A | 100.0 |  43.5
               +-------+-------+-------+-------+-------+----------------------
